[ PARTIDA AOE2 · #507856708 ]
UnrankedMongoles vs Teutons
Equipo del jugador · VICT
Equipo rival · DERR
[ ANÁLISIS DE REPETICIÓN · EXTRAÍDO DE LA PARTIDA GRABADA ]
Feudal
10:30
Castillos
20:30
Imperial
48:51
| APM promedio | 54.4 |
| APM pico | 107 |
| eAPM promedio | 26.3 |
| Aldeanos / militares | 237 / 207 |
Foco
⚔️ 44.7% · 🌾 55.3%
Scout Cavalry ×94 · Cavalry Archer ×70 · Skirmisher ×18 · Petard ×9 · Archer ×4 · Mangonel ×4
Feudal
14:23
Castillos
21:41
Imperial
—
| APM promedio | 65.8 |
| APM pico | 109 |
| eAPM promedio | 44.0 |
| Aldeanos / militares | 239 / 154 |
Foco
⚔️ 61.9% · 🌾 38.1%
Knight ×57 · Skirmisher ×53 · Archer ×21 · Petard ×13 · Mangonel ×5 · Militia ×3
Mapa de la partida
Recursos iniciales + cada clic de construcción. Líneas = muros · curvas = relieve. ◆ oro · ⬟ piedra · ● bayas · ✦ reliquia · ◌ hueco del cierre
Tu base· ✓ Cerrada en 20:30 · 50t muro · 1 puerta(s)
Base de Emu Warrior· ✓ Cerrada en 21:41 · 54t muro · sin puerta
Terreno inicial suavizado · ◌ = hueco del cierre detectado · pasá el cursor para detalles
Inputs por minuto
— Fs.Mareonix - - Emu Warrior
Build order — Fs.Mareonix
Primeras 150 de 662 acciones detectadas
| 0:00 | Encolar | Villager (Male) |
| 0:00 | Encolar | Villager (Male) |
| 0:00 | Encolar | Villager (Male) |
| 0:00 | Encolar | Villager (Male) |
| 0:00 | Encolar | Villager (Male) |
| 0:00 | Encolar | Villager (Male) |
| 0:00 | Encolar | Villager (Male) |
| 0:00 | Encolar | Villager (Male) |
| 0:00 | Encolar | Villager (Male) |
| 0:00 | Encolar | Villager (Male) |
| 0:02 | Construir | House |
| 0:02 | Construir | House |
| 1:24 | Encolar | Villager (Male) |
| 1:58 | Encolar | Villager (Male) |
| 1:58 | Encolar | Villager (Male) |
| 1:58 | Encolar | Villager (Male) |
| 1:58 | Encolar | Villager (Male) |
| 1:58 | Encolar | Villager (Male) |
| 2:22 | Encolar | Villager (Male) |
| 2:22 | Encolar | Villager (Male) |
| 2:35 | Construir | Barracks |
| 3:05 | Construir | House |
| 3:17 | Encolar | Villager (Male) |
| 3:38 | Encolar | Militia |
| 3:39 | Encolar | Militia |
| 3:40 | Encolar | Villager (Male) |
| 4:01 | Construir | House |
| 4:06 | Encolar | Villager (Male) |
| 4:27 | Encolar | Villager (Male) |
| 4:34 | Construir | House |
| 4:44 | Encolar | Villager (Male) |
| 4:58 | Encolar | Villager (Male) |
| 5:17 | Encolar | Militia |
| 5:38 | Encolar | Villager (Male) |
| 5:54 | Encolar | Villager (Male) |
| 6:21 | Encolar | Villager (Male) |
| 6:28 | Encolar | Villager (Male) |
| 6:51 | Encolar | Villager (Male) |
| 6:58 | Construir | Lumber Camp |
| 7:39 | Investigar | Loom |
| 8:06 | Investigar | Feudal Age |
| 9:04 | Construir | Mill |
| 9:39 | Construir | Farm |
| 9:41 | Construir | Farm |
| 9:46 | Encolar | Villager (Male) |
| 9:46 | Encolar | Villager (Male) |
| 10:11 | Construir | House |
| 10:15 | Construir | Palisade Wall |
| 10:17 | Construir | Palisade Wall |
| 10:17 | Construir | Palisade Wall |
| 10:17 | Construir | Palisade Wall |
| 10:18 | Construir | Palisade Wall |
| 10:20 | Construir | Palisade Wall |
| 10:20 | Construir | Palisade Wall |
| 10:21 | Construir | Palisade Wall |
| 10:21 | Construir | Palisade Wall |
| 10:30 | Edad | Edad Feudal |
| 10:32 | Encolar | Villager (Male) |
| 10:55 | Construir | Archery Range |
| 11:03 | Construir | Palisade Gate |
| 11:05 | Construir | Palisade Wall |
| 11:14 | Construir | House |
| 11:15 | Construir | House |
| 11:21 | Encolar | Villager (Male) |
| 11:33 | Encolar | Villager (Male) |
| 11:34 | Encolar | Villager (Male) |
| 11:46 | Encolar | Archer |
| 11:50 | Encolar | Villager (Male) |
| 11:52 | Construir | Farm |
| 11:59 | Encolar | Spearman |
| 12:13 | Construir | Farm |
| 12:19 | Encolar | Villager (Male) |
| 12:30 | Investigar | Double-Bit Axe |
| 12:42 | Construir | Farm |
| 12:44 | Encolar | Villager (Male) |
| 12:46 | Encolar | Skirmisher |
| 12:59 | Encolar | Spearman |
| 13:00 | Encolar | Villager (Male) |
| 13:08 | Construir | Farm |
| 13:18 | Construir | Farm |
| 13:18 | Encolar | Villager (Male) |
| 13:36 | Construir | House |
| 13:43 | Encolar | Villager (Male) |
| 13:49 | Encolar | Skirmisher |
| 13:56 | Encolar | Villager (Male) |
| 13:58 | Construir | Farm |
| 14:21 | Construir | Mining Camp |
| 14:22 | Encolar | Archer |
| 14:30 | Encolar | Villager (Male) |
| 14:38 | Construir | Palisade Wall |
| 14:43 | Construir | Palisade Wall |
| 14:46 | Construir | Palisade Wall |
| 14:54 | Encolar | Spearman |
| 14:56 | Encolar | Villager (Male) |
| 15:05 | Encolar | Skirmisher |
| 15:23 | Encolar | Villager (Male) |
| 15:35 | Encolar | Skirmisher |
| 15:37 | Encolar | Villager (Male) |
| 15:52 | Encolar | Villager (Male) |
| 15:55 | Construir | Blacksmith |
| 16:00 | Encolar | Archer |
| 16:08 | Encolar | Skirmisher |
| 16:11 | Construir | Farm |
| 16:11 | Encolar | Villager (Male) |
| 16:15 | Construir | Palisade Wall |
| 16:18 | Construir | Palisade Wall |
| 16:23 | Encolar | Villager (Male) |
| 16:26 | Construir | House |
| 16:38 | Encolar | Skirmisher |
| 16:39 | Encolar | Villager (Male) |
| 16:42 | Construir | Farm |
| 16:52 | Investigar | Fletching |
| 16:56 | Construir | House |
| 17:18 | Construir | Farm |
| 17:24 | Encolar | Villager (Male) |
| 17:26 | Construir | Lumber Camp |
| 17:39 | Construir | Farm |
| 17:41 | Construir | Farm |
| 17:50 | Investigar | Castle Age |
| 18:12 | Encolar | Skirmisher |
| 18:27 | Encolar | Archer |
| 18:37 | Construir | Archery Range |
| 18:44 | Investigar | Padded Archer Armor |
| 18:44 | Investigar | Padded Archer Armor |
| 18:52 | Encolar | Skirmisher |
| 19:10 | Construir | House |
| 19:11 | Construir | House |
| 19:20 | Encolar | Skirmisher |
| 19:28 | Construir | House |
| 19:29 | Construir | House |
| 19:40 | Encolar | Skirmisher |
| 19:41 | Encolar | Skirmisher |
| 20:08 | Construir | Farm |
| 20:30 | Edad | Edad de los Castillos |
| 20:32 | Investigar | Bodkin Arrow |
| 20:33 | Investigar | Elite Skirmisher (upgrade) |
| 20:34 | Encolar | Villager (Male) |
| 20:37 | Encolar | Villager (Male) |
| 20:48 | Construir | Town Center |
| 21:16 | Encolar | Skirmisher |
| 21:16 | Encolar | Skirmisher |
| 21:22 | Encolar | Villager (Male) |
| 21:25 | Construir | Farm |
| 21:27 | Construir | Farm |
| 21:28 | Encolar | Villager (Male) |
| 21:31 | Construir | Farm |
| 21:41 | Encolar | Skirmisher |
| 21:42 | Encolar | Skirmisher |
| 22:04 | Encolar | Villager (Male) |
| 22:13 | Encolar | Villager (Male) |
Build order — Emu Warrior
Primeras 150 de 558 acciones detectadas
| 0:00 | Encolar | Villager (Male) |
| 0:00 | Encolar | Villager (Male) |
| 0:01 | Encolar | Villager (Male) |
| 0:01 | Encolar | Villager (Male) |
| 0:01 | Encolar | Villager (Male) |
| 0:02 | Construir | House |
| 0:03 | Construir | House |
| 1:07 | Encolar | Villager (Male) |
| 1:07 | Encolar | Villager (Male) |
| 1:44 | Encolar | Villager (Male) |
| 1:48 | Construir | Lumber Camp |
| 2:03 | Encolar | Villager (Male) |
| 2:45 | Encolar | Villager (Male) |
| 2:45 | Encolar | Villager (Male) |
| 3:01 | Encolar | Villager (Male) |
| 3:32 | Encolar | Villager (Male) |
| 3:32 | Encolar | Villager (Male) |
| 3:48 | Construir | House |
| 3:56 | Encolar | Villager (Male) |
| 4:01 | Construir | House |
| 4:13 | Construir | House |
| 4:24 | Encolar | Villager (Male) |
| 4:24 | Encolar | Villager (Male) |
| 4:43 | Encolar | Villager (Male) |
| 4:43 | Encolar | Villager (Male) |
| 4:55 | Construir | Barracks |
| 5:16 | Encolar | Villager (Male) |
| 5:39 | Encolar | Villager (Male) |
| 5:59 | Investigar | Loom |
| 6:08 | Encolar | Militia |
| 6:08 | Encolar | Militia |
| 6:20 | Encolar | Villager (Male) |
| 6:51 | Encolar | Villager (Male) |
| 7:19 | Encolar | Villager (Male) |
| 7:46 | Encolar | Villager (Male) |
| 7:56 | Encolar | Villager (Male) |
| 7:58 | Construir | House |
| 8:08 | Construir | Mill |
| 8:11 | Construir | House |
| 8:16 | Encolar | Villager (Male) |
| 8:20 | Construir | House |
| 8:29 | Encolar | Militia |
| 8:38 | Encolar | Villager (Male) |
| 9:02 | Construir | House |
| 9:03 | Construir | House |
| 9:07 | Construir | Farm |
| 9:11 | Encolar | Villager (Male) |
| 9:21 | Encolar | Villager (Male) |
| 9:39 | Encolar | Villager (Male) |
| 9:45 | Construir | House |
| 9:55 | Encolar | Villager (Male) |
| 9:57 | Construir | Farm |
| 10:18 | Encolar | Villager (Male) |
| 10:25 | Construir | Farm |
| 10:42 | Encolar | Villager (Male) |
| 10:44 | Construir | House |
| 10:45 | Construir | Palisade Wall |
| 10:46 | Construir | Palisade Wall |
| 10:52 | Construir | Farm |
| 11:01 | Encolar | Villager (Male) |
| 11:10 | Construir | Farm |
| 11:11 | Construir | Farm |
| 11:15 | Construir | Palisade Wall |
| 11:33 | Construir | Farm |
| 11:41 | Construir | Farm |
| 12:04 | Investigar | Feudal Age |
| 12:08 | Construir | Palisade Wall |
| 12:10 | Construir | Palisade Wall |
| 12:14 | Encolar | Villager (Male) |
| 12:19 | Construir | Mining Camp |
| 12:37 | Construir | Palisade Wall |
| 12:38 | Construir | Palisade Wall |
| 12:57 | Encolar | Villager (Male) |
| 13:32 | Construir | Palisade Wall |
| 13:45 | Construir | Palisade Wall |
| 14:23 | Edad | Edad Feudal |
| 14:24 | Construir | Archery Range |
| 14:26 | Construir | Archery Range |
| 14:29 | Encolar | Villager (Male) |
| 14:32 | Investigar | Double-Bit Axe |
| 14:32 | Investigar | Double-Bit Axe |
| 14:42 | Construir | Farm |
| 14:51 | Construir | Blacksmith |
| 15:02 | Construir | House |
| 15:02 | Construir | House |
| 15:06 | Construir | Palisade Wall |
| 15:16 | Encolar | Archer |
| 15:23 | Encolar | Archer |
| 15:27 | Investigar | Town Watch |
| 15:33 | Encolar | Villager (Male) |
| 15:41 | Encolar | Skirmisher |
| 15:41 | Encolar | Skirmisher |
| 15:47 | Encolar | Villager (Male) |
| 15:52 | Construir | House |
| 15:56 | Encolar | Skirmisher |
| 15:56 | Encolar | Skirmisher |
| 15:57 | Encolar | Villager (Male) |
| 16:13 | Encolar | Villager (Male) |
| 16:23 | Encolar | Skirmisher |
| 16:37 | Encolar | Villager (Male) |
| 16:43 | Encolar | Skirmisher |
| 16:45 | Encolar | Villager (Male) |
| 16:50 | Construir | Palisade Wall |
| 16:57 | Construir | Market |
| 17:09 | Encolar | Skirmisher |
| 17:09 | Encolar | Skirmisher |
| 17:20 | Encolar | Villager (Male) |
| 17:23 | Construir | Farm |
| 17:24 | Construir | Farm |
| 17:24 | Construir | Farm |
| 17:30 | Investigar | Fletching |
| 17:38 | Encolar | Skirmisher |
| 17:38 | Encolar | Skirmisher |
| 18:01 | Construir | Farm |
| 18:10 | Encolar | Skirmisher |
| 18:10 | Encolar | Skirmisher |
| 18:30 | Construir | Farm |
| 18:34 | Encolar | Skirmisher |
| 18:34 | Encolar | Skirmisher |
| 18:42 | Construir | House |
| 18:53 | Construir | House |
| 19:01 | Investigar | Castle Age |
| 19:02 | Investigar | Castle Age |
| 19:13 | Encolar | Archer |
| 19:13 | Encolar | Archer |
| 19:30 | Investigar | Padded Archer Armor |
| 19:36 | Encolar | Skirmisher |
| 20:00 | Encolar | Skirmisher |
| 20:00 | Encolar | Skirmisher |
| 20:05 | Encolar | Villager (Male) |
| 20:12 | Investigar | Horse Collar |
| 20:39 | Encolar | Villager (Male) |
| 20:41 | Construir | House |
| 20:48 | Encolar | Archer |
| 20:48 | Encolar | Archer |
| 21:18 | Encolar | Skirmisher |
| 21:18 | Encolar | Skirmisher |
| 21:41 | Edad | Edad de los Castillos |
| 21:45 | Construir | Palisade Wall |
| 21:56 | Investigar | Elite Skirmisher (upgrade) |
| 21:58 | Encolar | Villager (Male) |
| 22:04 | Encolar | Skirmisher |
| 22:04 | Encolar | Skirmisher |
| 22:08 | Encolar | Archer |
| 22:14 | Investigar | Bodkin Arrow |
| 22:14 | Investigar | Bodkin Arrow |
| 22:16 | Encolar | Villager (Male) |
| 22:21 | Construir | Farm |
| 22:27 | Construir | Lumber Camp |
| 22:51 | Encolar | Skirmisher |
Cronología de la partida
| 2:35 | Fs.Mareonix · first_building Barracks |
| 4:55 | Emu Warrior · first_building Barracks |
| 10:15 | Fs.Mareonix · wall_segment Palisade Wall x1 |
| 10:17 | Fs.Mareonix · wall_segment Palisade Wall x1 |
| 10:17 | Fs.Mareonix · wall_segment Palisade Wall x1 |
| 10:17 | Fs.Mareonix · wall_segment Palisade Wall x1 |
| 10:18 | Fs.Mareonix · wall_segment Palisade Wall x1 |
| 10:20 | Fs.Mareonix · wall_segment Palisade Wall x1 |
| 10:20 | Fs.Mareonix · wall_segment Palisade Wall x1 |
| 10:21 | Fs.Mareonix · wall_segment Palisade Wall x1 |
| 10:21 | Fs.Mareonix · wall_segment Palisade Wall x1 |
| 10:30 | Fs.Mareonix · age_up feudal |
| 10:45 | Emu Warrior · wall_segment Palisade Wall x1 |
| 10:46 | Emu Warrior · wall_segment Palisade Wall x1 |
| 10:55 | Fs.Mareonix · first_building Archery Range |
| 11:05 | Fs.Mareonix · wall_segment Palisade Wall x1 |
| 11:15 | Emu Warrior · wall_segment Palisade Wall x7 |
| 12:08 | Emu Warrior · wall_segment Palisade Wall x3 |
| 12:10 | Emu Warrior · wall_segment Palisade Wall x8 |
| 12:37 | Emu Warrior · wall_segment Palisade Wall x10 |
| 12:38 | Emu Warrior · wall_segment Palisade Wall x8 |
| 13:32 | Emu Warrior · wall_segment Palisade Wall x6 |
| 13:45 | Emu Warrior · wall_segment Palisade Wall x1 |
| 14:23 | Emu Warrior · age_up feudal |
| 14:24 | Emu Warrior · first_building Archery Range |
| 14:38 | Fs.Mareonix · wall_segment Palisade Wall x15 |
| 14:43 | Fs.Mareonix · wall_segment Palisade Wall x8 |
| 14:46 | Fs.Mareonix · wall_segment Palisade Wall x10 |
| 15:06 | Emu Warrior · wall_segment Palisade Wall x9 |
| 16:15 | Fs.Mareonix · wall_segment Palisade Wall x4 |
| 16:18 | Fs.Mareonix · wall_segment Palisade Wall x4 |
| 16:50 | Emu Warrior · wall_segment Palisade Wall x3 |
| 18:23 | Emu Warrior · first_market_sell 500 stone |
| 18:25 | Emu Warrior · first_market_buy 100 food |
| 20:30 | Fs.Mareonix · age_up castle |
| 21:41 | Emu Warrior · age_up castle |
| 21:45 | Emu Warrior · wall_segment Palisade Wall x2 |
| 23:50 | Fs.Mareonix · first_building Stable |
| 26:00 | Fs.Mareonix · first_building Siege Workshop |
| 26:26 | Emu Warrior · first_building Siege Workshop |
| 30:45 | Emu Warrior · first_building Stable |
| 34:31 | Fs.Mareonix · first_building Castle |
| 35:18 | Emu Warrior · wall_segment Palisade Wall x1 |
| 35:24 | Emu Warrior · wall_segment Palisade Wall x8 |
| 35:42 | Emu Warrior · first_building Castle |
| 45:39 | Fs.Mareonix · first_market_sell 100 food |
| 48:51 | Fs.Mareonix · age_up imperial |
| 49:45 | Emu Warrior · resign |
[ ANÁLISIS IA · 1 CRÉDITO ]
¿Qué pasó realmente en esta partida?
Wolo.gg analiza cada decisión: build order, eco, micro, errores típicos por bracket. Análisis personalizado por WhatsApp o Discord en 30 segundos.
Guía civ
Mongoles
Perfil
Jugador #284552